 Dungeon Crawl Stone Soup version 0.28-a0-915-gcd63401287 (webtiles) character file.

Game seed: 17939458189841786585

16 kae the Ruffian (level 2, 0/23 HPs)
             Began as a Draconian Transmuter on Nov 25, 2021.
             Slain by a gnoll (4 damage)
             ... on level 1 of the Dungeon.
             The game lasted 00:00:15 (543 turns).

kae the Ruffian (Draconian Transmuter)               Turns: 543, Time: 00:00:15

Health: 0/23       AC:  4    Str: 12    XL:     2   Next: 37%
Magic:  4/5        EV: 12    Int: 13    God:
Gold:   10         SH:  0    Dex: 11    Spells: 4/5 levels left

rFire   . . .      SeeInvis .     - Unarmed
rCold   . . .      Faith    .   (no shield)
rNeg    . . .      Spirit   .   (armour unavailable)
rPois   .          Reflect  .   (helmet currently unavailable)
rElec   .          Harm     .   (no cloak)
rCorr   .          Rampage  .   (no gloves)
Will    .....                   (boots currently unavailable)
Stlth   +.........              (no amulet)
HPRegen 0.07/turn               (no ring)
MPRegen 0.09/turn               (no ring)

@: appendages (expiring)
A: horns 2, talons 2, AC +4, unfitting armour, cold-blooded
a: End Transformation


You were on level 1 of the Dungeon.
You had temporarily grown beastly horns and talons.
You visited 1 branch of the dungeon, and saw 1 of its levels.

You collected 10 gold pieces.

Inventory:

Scrolls
 a - a scroll of amnesia {unknown}


   Skills:
 + Level 1.3 Fighting
 + Level 2.0 Dodging
 * Level 3.2 Unarmed Combat
 + Level 2.0 Spellcasting
 * Level 2.3 Transmutations


You had 4 spell levels left.
You knew the following spells:

 Your Spells              Type           Power      Damage    Failure   Level
a - Beastly Appendage     Tmut           14%        N/A       10%         1

Your spell library contained the following spells:

 Spells                   Type           Power      Damage    Failure   Level
 Wereblood                Tmut           7%         N/A       16%         2
 Spider Form              Tmut/Pois      4%         N/A       43%         3
 Ice Form                 Ice/Tmut       4%         N/A       83%         4


Dungeon Overview and Level Annotations

Branches:
Dungeon (1/15)

Altars:


Innate Abilities, Weirdness & Mutations

You have temporarily grown beastly horns and talons.
Your plain brown scales are hard. (AC +4)
You cannot fit into any form of body armour.
You are cold-blooded and may be slowed by cold attacks.


Message History

You hit the gnoll.
The gnoll is moderately wounded.
You hear a bark!
The gnoll hits you with a +0 club!
There are monsters nearby!
There are monsters nearby!
A jackal comes into view.
The jackal bites you.
Casting: Beastly Appendage (safe; 10% risk of failure)
Confirm with . or Enter, or press ? or * to list all spells.
You grow a pair of large bovine horns.
Your feet morph into talons.
The jackal bites you.
The jackal bites you but does no damage.
The jackal closely misses you.
You closely miss the jackal. Your kick misses the jackal.
The jackal barely misses you.
You hit the jackal. Your kick misses the jackal. You headbutt the jackal.
You kill the jackal!
You barely miss the gnoll.
The gnoll is moderately wounded.
The gnoll hits you with a +0 club.
You hit the gnoll. Your kick misses the gnoll.
The gnoll is heavily wounded.
The gnoll closely misses you.
You closely miss the gnoll.
The gnoll is heavily wounded.
The gnoll closely misses you.
You hit the gnoll.
You tail-slap the gnoll, but do no damage.
The gnoll is severely wounded.
The gnoll barely misses you.
You hit the gnoll but do no damage.
The gnoll is severely wounded.
The gnoll hits you with a +0 club.
* * * LOW HITPOINT WARNING * * *
You barely miss the gnoll. Your headbutt misses the gnoll.
The gnoll is severely wounded.
Your transformation is almost over.
The gnoll hits you with a +0 club.
You die...

#...........#
#...........#
####........#
#........######
#.............#
#........####....
#.#.........# .
#.###.#.###.# #.
#.#.# #@# ..#.#
#g# ...#.###h#
... #.....#
#...!.# #.......
#h...#### #......
#######


You could see a gnoll and a jackal.

Vanquished Creatures
  A bat (D:1)
  An endoplasm (D:1)
  3 goblins (D:1)
  2 hobgoblins (D:1)
  A jackal (D:1)
  A kobold (D:1)
  A quokka (D:1)
  A ball python (D:1)
  2 rats (D:1)
13 creatures vanquished.

Notes
Turn   | Place    | Note
-------+----------+-------------------------------------------
     0 | D:1      | kae the Draconian Transmuter began the quest for the Orb.
     0 | D:1      | Reached XP level 1. HP: 16/16 MP: 3/3
   215 | D:1      | Reached XP level 2. HP: 9/23 MP: 3/5
   543 | D:1      | Slain by a gnoll

Illustrated notes

Levels and vault maps discovered:
D:1:      minmay_arrival_solitary_statue, layout_basic, st_stairs_1

Skill      XL: |  1  2 |
---------------+-------+-----
Dodging        | 2 |  2.0
Fighting       | |  1.3
Unarmed Combat | |  3.2
Spellcasting   | |  2.0
Transmutations | |  2.3

Action                   || total
-------------------------++-------
Melee: Unarmed           ||    32
       Kick              ||     6
       Headbutt          ||     3
       Punch             ||     1
       Tailslap          ||     2
 Cast: Beastly Appendage ||     6
Armor: Skin              ||     2
Dodge: Dodged            ||    23

Table legend: (Time is in decaauts)
 A = Elapsed time spent in this place.
 B = Non-inter-level travel time spent in this place.
 C = Inter-level travel time spent in this place.
 D = Time resting spent in this place.
 E = Time spent auto-exploring this place.
 F = Levels seen in this place.
 G = Mean time per level.
                   A        B        C        D        E       F      G
               +--------+--------+--------+--------+--------+-----+--------+
         Total |    541 |    541 |      0 |      0 |    467 |   1 |  541.0 |
       Dungeon |    541 |    541 |      0 |      0 |    467 |   1 |  541.0 |
               +--------+--------+--------+--------+--------+-----+--------+

Top non-repeatable levels by time:
     D:1: 541 daAuts
